 Dungeon Crawl Stone Soup version 0.31-a0-986-g5e6e4ef867 (webtiles) character file.

Game seed: 6805098518051010857

1584 sammy202020 the Covered (level 8, -21/73 HPs)
             Began as a Minotaur Fighter on Nov 22, 2023.
             Was an Initiate of Gozag.
             Demolished by an orc warlord
             ... wielding a +6 battleaxe
              (25 damage)
             ... in a bailey.
             The game lasted 00:12:41 (6131 turns).

sammy202020 the Covered (Minotaur Fighter)          Turns: 6131, Time: 00:12:41

Health: -21/73     AC: 15    Str: 25    XL:     8   Next: 61%
Magic:  7/7        EV:  7    Int:  9    God:    Gozag
Gold:   474        SH: 12    Dex: 10    Spells: 6/7 levels left

rFire   + . .        s - +7 whip of Vengeance {flame, Int+2}
rCold   + + .        w - +3 kite shield of a Gauntlet {rPois rC+ Str+4}
rNeg    + . .        B - +0 plate armour
rPois   +            (helmet restricted)
rElec   +            (no cloak)
rCorr   +            a - +0 pair of gloves
SInv    .            n - +0 pair of boots
Will    .....        (no amulet) Stlth
                     h - ring of positive energy
HPRegen 0.32/turn    c - ring of poison resistance
MPRegen 0.10/turn

%: no passive effects
@: resistant, gold aura, hasted, very quick
A: horns 2, retaliatory headbutt
a: Renounce Religion, Potion Petition, Call Merchant, Bribe Branch


You were in a bailey.
You worshipped Gozag.
Gozag was aware of your devotion.
You visited 2 branches of the dungeon, and saw 8 of its levels.
You also visited: Bailey.

You collected 1367 gold pieces.
You spent 349 gold pieces at shops.
You paid 544 gold pieces to Gozag.

Inventory:

Hand Weapons
 d - a +3 hand axe
 p - a +1 flail of protection
 r - a +0 sling
 s - the +7 whip of Vengeance (weapon) {flame, Int+2}
   (You found it on level 3 of the Dungeon)

   Int+2:     It affects your intelligence (+2).
Missiles
 f - 15 boomerangs
 o - 2 throwing nets
Armour
 a - a +0 pair of gloves (worn)
 n - a +0 pair of boots (worn)
 w - the +3 kite shield of a Gauntlet (worn) {rPois rC+ Str+4}
   (You bought it in a shop on level 3 of the Dungeon)

   Str+4:     It affects your strength (+4).
   rC+:       It protects you from cold.
   rPois:     It protects you from poison
 B - a +0 plate armour (worn)
Jewellery
 c - a ring of poison resistance (right hand)
 h - a ring of positive energy (left hand)
 m - a ring of ice
 u - a ring of ice
Wands
 b - a wand of charming (8)
 v - a wand of flame (38)
 y - a wand of acid (8)
Scrolls
 i - 3 scrolls of revelation
 j - 2 scrolls of poison
 k - 4 scrolls of teleportation
 l - 4 scrolls of enchant armour
 q - 4 scrolls of fog
 x - a scroll of brand weapon {unknown}
 A - a scroll of butterflies {unknown}
 C - a scroll of fear {unknown}
Potions
 g - a potion of brilliance
 t - a potion of enlightenment


   Skills:
 * Level 7.1 Fighting
 * Level 6.6 Maces & Flails
 * Level 7.1 Armour
 + Level 3.8 Dodging
 * Level 7.0 Shields


You had 6 spell levels left.
You knew the following spells:

 Your Spells              Type           Power      Damage    Failure   Level
a - Summon Small Mammal   Summ           0%         N/A       100%        1

Your spell library contained the following spells:

 Spells                   Type           Power      Damage    Failure   Level
 Kiss of Death            Conj/Necr      0%         2d5       100%        1
 Sting                    Tmut/Pois      0%         1d3       100%        1
 Poisonous Vapours        Pois/Air       0%         N/A       100%        2
 Call Canine Familiar     Summ           0%         N/A       100%        3
 Confusing Touch          Hex            0%         N/A       100%        3
 Summon Guardian Golem    Hex/Summ       0%         N/A       100%        3
 Dispel Undead            Necr           0%         3d6       100%        4
 Olgreb's Toxic Radiance  Pois           0%         N/A       100%        4


Dungeon Overview and Level Annotations

Branches:
Dungeon (7/15)             Temple (1/1) D:6          Bailey (1/1)

Altars:
Ashenzari
Cheibriados
Dithmenos
Elyvilon
Gozag
Hepliaklqana
Kikubaaqudgha
Makhleb
Nemelex Xobeh
Okawaru
Qazlal
Ru
Sif Muna
Trog
Uskayaw
Vehumet
Wu Jian
Xom
Zin
The Shining One

Shops:
D:3 [


Innate Abilities, Weirdness & Mutations

You have a pair of horns on your head.
You reflexively headbutt those who attack you in melee.


Message History

You headbutt the orc warlord, but do no damage.
The orc warlord hits you with a +6 battleaxe!
You barely miss the orc warlord. Your headbutt misses the orc warlord.
You hit the orc warlord but do no damage.
You headbutt the orc warlord, but do no damage.
The gnoll barely misses you.
The orc warlord hits you with a +6 battleaxe!!
You hit the gnoll. You burn the gnoll.
The gnoll is almost dead.
You hit the gnoll. You burn the gnoll.
You kill the gnoll!
The orc warlord hits you with a +6 battleaxe!!
* * * LOW HITPOINT WARNING * * *
You feel better.
You hit the orc warlord but do no damage.
You headbutt the orc warlord, but do no damage.
You block the orc warlord's attack.
You hit the orc warlord but do no damage.
Your headbutt misses the orc warlord.
The orc warlord hits you with a +6 battleaxe!
* * * LOW HITPOINT WARNING * * *
You feel better.
You hit the orc warlord. You burn the orc warlord.
The orc warlord is lightly wounded.
The orc warlord hits you with a +6 battleaxe.
* * * LOW HITPOINT WARNING * * *
You barely miss the orc warlord.
The orc warlord is lightly wounded.
The orc warlord closely misses you.
You feel better.
You hit the orc warlord but do no damage.
Your headbutt misses the orc warlord.
The orc warlord is lightly wounded.
The orc warlord hits you with a +6 battleaxe!!
* * * LOW HITPOINT WARNING * * *
You hit the orc warlord but do no damage.
The orc warlord is lightly wounded.
The orc warlord hits you with a +6 battleaxe!!
You die...
Your body crumbles into a pile of gold.

#...8.)...)#########...
##......####~~~#~~~##..
##.....#o~#~.....)~#..
##....#~........?~#..
#...##~8.8...8.8##..
#...'~~.........#...
#...'~~....∩....#...
#..$o~~.........#...
#..@##~8.8...8.8##..
##....#~........!~#..
##.....#~~#~.....[~#.)
##......####~~~#~~~##..
#...8......#########...
#..........'.....)....8
#..........#~~~~~#)....
##..8..8...#~~~~~#.....
##.......##~~)~~##...8


You could see an orc warlord.

Vanquished Creatures
  A water moccasin (D:5)
  5 orc warriors (Bailey)
  A phantom (D:6)
  A centaur (D:7)
  A howler monkey (D:5)
  3 orc priests
  2 jellies
  3 hounds
  2 gnoll boudas
  A sleepcap (D:6)
  4 iguanas
  4 orc wizards
  Ijyb (D:3)
  Robin (D:2)
  9 gnolls
  4 adders
  2 shadow imps (D:6)
  2 dart slugs
  25 orcs
  6 bats
  11 endoplasms
  3 giant cockroaches
  24 goblins
  7 hobgoblins
  9 jackals
  3 quokkas
  7 ball pythons
  2 frilled lizards (D:2)
  12 kobolds
  4 rats
  A spectral hobgoblin (D:1)
  A butterfly (D:3)
162 creatures vanquished.

Vanquished Creatures (others)
  A gnoll (D:6)
  A shadow imp (D:6)
2 creatures vanquished.

Grand Total: 164 creatures vanquished

Notes
Turn   | Place    | Note
-------+----------+-------------------------------------------
     0 | D:1      | sammy202020 the Minotaur Fighter began the quest for the
                  | Orb.
     0 | D:1      | Reached XP level 1. HP: 19/19 MP: 0/0
   339 | D:1      | Reached XP level 2. HP: 27/27 MP: 1/1
   410 | D:1      | Found a faded altar of an unknown god.
  1086 | D:2      | Reached XP level 3. HP: 28/33 MP: 2/2
  1095 | D:2      | Reached skill level 1 in Dodging
  1155 | D:2      | Found a shimmering altar of Xom.
  1205 | D:2      | Noticed Robin
  1211 | D:2      | Killed Robin
  1212 | D:2      | Reached XP level 4. HP: 39/40 MP: 3/3
  1472 | D:2      | Learned a level 1 spell: Summon Small Mammal
  1888 | D:3      | Found a bloodstained altar of Trog.
  1888 | D:3      | Found a broken altar of Ashenzari.
  1889 | D:3      | Found a white marble altar of Elyvilon.
  1889 | D:3      | Found a shadowy altar of Dithmenos.
  1890 | D:3      | Found a shimmering blue altar of Sif Muna.
  1890 | D:3      | Found a burning altar of Makhleb.
  1891 | D:3      | Found a hazy altar of Hepliaklqana.
  1891 | D:3      | Found a hide-covered altar of Uskayaw.
  1968 | D:3      | Found Fugrih's Antique Armour Emporium.
  2228 | D:3      | Reached XP level 5. HP: 47/47 MP: 4/4
  2354 | D:3      | Noticed Ijyb
  2389 | D:3      | Killed Ijyb
  2402 | D:3      | Identified the +7 whip of Vengeance {flame, Int+2}
  2588 | D:3      | Found a shimmering altar of Xom.
  2875 | D:4      | Reached skill level 5 in Armour
  2876 | D:4      | Reached XP level 6. HP: 41/55 MP: 5/5
  3058 | D:4      | Reached skill level 5 in Fighting
  3252 | D:4      | Identified a scroll of acquirement
  3252 | D:4      | Acquired 725 gold pieces
  3293 | D:3      | Bought a pair of gloves for 112 gold pieces
  3293 | D:3      | Bought a fading kite shield for 237 gold pieces
  3293 | D:3      | Identified the +3 kite shield of a Gauntlet {rPois rC+
                  | Str+4} (You bought it in a shop on level 3 of the Dungeon)
  3330 | D:5      | Entered Level 5 of the Dungeon
  3363 | D:5      | Noticed a water moccasin
  3368 | D:5      | Killed a water moccasin
  3369 | D:5      | Reached skill level 5 in Shields
  3440 | D:5      | Found a sparkling altar of Nemelex Xobeh.
  3591 | D:5      | Found a glowing silver altar of Zin.
  3668 | D:5      | Reached XP level 7. HP: 61/61 MP: 6/6
  4050 | D:6      | Reached skill level 5 in Maces & Flails
  4312 | D:6      | Found a staircase to the Ecumenical Temple.
  4327 | Temple   | Entered the Ecumenical Temple
  4354 | Temple   | Became a worshipper of Gozag Ym Sagoz the Greedy
  5588 | D:7      | Reached XP level 8. HP: 58/70 MP: 7/7
  5684 | D:7      | Found a flagged portal.
  5693 | Bailey   | Entered a bailey
  5698 | Bailey   | Noticed an orc warlord
  5904 | Bailey   | Found a runed translucent gate.
  5907 | Bailey   | Found a runed translucent gate.
  5930 | Bailey   | Found a runed translucent gate.
  6131 | Bailey   | Demolished by an orc warlord

Illustrated notes

Levels and vault maps discovered:
D:1:      roadster_arrival_rocket_small, layout_loops_corners,
          dreamdust_ecumenical_altar_drowned_temple, minmay_misc_feat_nine_boxes
D:2:      minmay_spotlight, layout_basic, basic_altar, hex_intersection,
          uniq_robin
D:3:      kennysheep_goblin_castle, layout_loops_cross, xom_butterflies,
          grunt_temple_overflow_open, serial_shops, shop
D:4:      layout_cave_pods, chequers_serial_rivers_micro_a, st_stairs_9
D:5:      layout_basic, nemelex_xobeh_ov_fountains_minmay, kennysheep_mini_moat
D:6:      layout_basic, minmay_temple_entry_purple_smoke, lemuel_flamethrower_2
D:7:      layout_basic, enter_bailey_2
Temple:   jpeg_temple_island
Bailey:   bailey_axe_bossmonster_kennysheep, bailey

Skill      XL: |  1  2  3  4  5  6  7  8 |
---------------+-------------------------+-----
Armour         | 4 5 6 7 |  7.1
Fighting       | 4 5 6 7 |  7.1
Shields        | 4 5 6 7 |  7.0
Maces & Flails | 3 4 5 6 |  6.6
Dodging        | 1 2 3 |  3.8

Action                     |  1- 3 |  4- 6 |  7- 9 || total
---------------------------+-------+-------+-------++-------
  Melee: Flail             |   106 |    89 |       ||   195
         Headbutt          |    10 |    17 |    34 ||    61
         Whip              |       |    61 |   185 ||   246
 Invoke: Potion Petition   |       |       |     1 ||     1
    Use: Scroll            |     1 |    12 |     2 ||    15
         Potion            |       |     2 |     9 ||    11
 Armour: Scale mail        |    83 |    41 |       ||   124
         Chain mail        |       |    75 |    33 ||   108
         Plate armour      |       |       |    60 ||    60
  Dodge: Dodged            |    47 |    80 |    41 ||   168
  Block: Buckler           |    30 |    38 |       ||    68
         Kite shield       |       |     3 |    90 ||    93

Table legend: (Time is in decaauts)
 A = Elapsed time spent in this place.
 B = Non-inter-level travel time spent in this place.
 C = Inter-level travel time spent in this place.
 D = Time resting spent in this place.
 E = Time spent auto-exploring this place.
 F = Levels seen in this place.
 G = Mean time per level.
                   A        B        C        D        E       F      G
               +--------+--------+--------+--------+--------+-----+--------+
         Total |   6177 |   5912 |    265 |    833 |   3854 |   9 |  686.3 |
       Dungeon |   5681 |   5475 |    206 |    833 |   3571 |   7 |  811.6 |
        Temple |     61 |      2 |     59 |      0 |      0 |   1 |   61.0 |
        Bailey |    434 |    434 |      0 |      0 |    283 |   1 |  434.0 |
               +--------+--------+--------+--------+--------+-----+--------+

Top non-repeatable levels by time:
     D:6: 1228 daAuts
     D:3: 1149 daAuts
     D:1: 945 daAuts
     D:2: 785 daAuts
     D:5: 708 daAuts
     D:4: 505 daAuts
  Bailey: 434 daAuts
     D:7: 358 daAuts
  Temple: 61 daAuts
